[Event "4NCL Div 2 2024-25"]
[Site "England"]
[Date "2025.04.05"]
[Round "7.24"]
[White "Ingram, Keith R"]
[Black "Rich, Aaron"]
[Result "0-1"]
[Annotator "NA"]
[ECO "B25"]
[WhiteElo "1954"]
[BlackElo "1919"]
[PlyCount "65"]
[EventDate "2024.11.23"]
[EventType "team-tourn"]
[EventCountry "ENG"]
[SourceTitle "playchess.com"]
[Source "ChessBase"]
[SourceQuality "1"]
[TimeControl "40/6000+30:3000+30"]

1. e4 c5 2. Nc3 Nc6 3. g3 d6 4. Bg2 g6 5. d3 Bg7 6. Nge2 Nf6 7. O-O Bd7 8. Be3 h5 9. d4 cxd4 10. Nxd4 h4 11. Nxc6 bxc6 12. Bd4 hxg3 13. fxg3 e5 14. Be3 Ng4 15. Qf3 Be6 16. h4 Nxe3 17. Qxe3 Qb6 18. Qxb6 axb6 19. Rad1 Ke7 20. a3 Bh6 21. Rfe1 b5 22. Bf3 g5 23. hxg5 Bxg5 24. Kg2 Rh7 25. Rh1 Rg7 26. Kf2 Rag8 27. Ne2 Kd7 28. b3 Bd8 29. Ra1 Bb6+ 30. Kg2 Ra8 31. Rhd1 Rgg8 32. Rd3 Bc5 33. a4 0-1

[Event "4NCL Div 2 2024-25"]
[Site "England"]
[Date "2025.04.05"]
[Round "7.25"]
[White "Southcott-Moyers, Indy"]
[Black "Korshunov, Sergey And."]
[Result "1/2-1/2"]
[Annotator "ChessBase"]
[ECO "D37"]
[WhiteElo "2174"]
[BlackElo "2330"]
[PlyCount "62"]
[EventDate "2024.11.23"]
[EventType "team-tourn"]
[EventCountry "ENG"]
[SourceTitle "playchess.com"]
[Source "ChessBase"]
[SourceQuality "1"]
[TimeControl "40/6000+30:3000+30"]

1. d4 Nf6 2. c4 e6 3. Nf3 d5 4. Nc3 Nbd7 5. Bf4 dxc4 6. e3 Nd5 7. Bxc4 Nxf4 8. exf4 Bd6 9. g3 Nb6 10. Bb3 Bd7 11. O-O O-O 12. Re1 Bc6 13. d5 exd5 14. Nxd5 h6 15. Nxb6 axb6 16. Ne5 Bxe5 17. fxe5 Qg5 18. Qe2 Rad8 19. Rad1 Rxd1 20. Rxd1 Re8 21. f4 Qe7 22. Qd3 Ra8 23. Qd4 Bf3 24. Rd2 Bg4 25. a3 Bf5 26. Qb4 Qe8 27. Qd4 Rb8 28. Bd1 Qc6 29. Qe3 Qg6 30. Bf3 h5 31. Kf2 Bg4 1/2-1/2

[Event "4NCL Div 2 2024-25"]
[Site "England"]
[Date "2025.04.05"]
[Round "7.26"]
[White "Taylor, Adam A"]
[Black "Blackburn, Jonathan L B"]
[Result "0-1"]
[Annotator "ChessBase"]
[ECO "A00"]
[WhiteElo "2258"]
[BlackElo "2197"]
[PlyCount "138"]
[EventDate "2024.11.23"]
[EventType "team-tourn"]
[EventCountry "ENG"]
[SourceTitle "playchess.com"]
[Source "ChessBase"]
[SourceQuality "1"]
[TimeControl "40/6000+30:3000+30"]

1. b4 e5 2. Bb2 Bxb4 3. Bxe5 Nf6 4. e3 Nc6 5. Bb2 O-O 6. Nf3 d5 7. c4 Bg4 8. cxd5 Qxd5 9. Be2 Ne4 10. O-O Rad8 11. Qc2 Rfe8 12. d4 Bd6 13. Nc3 Nxc3 14. Bxc3 Qh5 15. h3 Bxh3 16. Ne5 Qg5 17. Bf3 Bxe5 18. dxe5 Re6 19. Rad1 Rde8 20. Bd5 Rh6 21. f4 Qg3 22. Qf2 Qxf2+ 23. Kxf2 Bc8 24. Rd2 Ne7 25. Be4 b6 26. Rfd1 f5 27. exf6 gxf6 28. Rd8 Kf7 29. Bf3 Be6 30. a3 Nc8 31. Bc6 Rxd8 32. Rxd8 Ke7 33. Rh8 Bd7 34. Bxf6+ Kxf6 35. Bxd7 Nd6 36. Bc6 Nc4 37. Rc8 Ke7 38. Rxc7+ Kd6 39. Rc8 Nxa3 40. e4 a5 41. e5+ Kc5 42. f5 Rxc6 43. Rd8 Nc4 44. e6 Nd6 45. g4 Rc8 46. e7 Rc7 47. Rxd6 Rxe7 48. Rd1 a4 49. Kf3 a3 50. Kf4 a2 51. f6 Ra7 52. Ra1 Kb4 53. Ke5 Kb3 54. Ke6 Kb2 55. f7 Rxf7 56. Rxa2+ Kxa2 57. Kxf7 b5 58. Kg7 b4 59. Kxh7 b3 60. g5 b2 61. g6 b1=Q 62. Kh8 Qh1+ 63. Kg8 Kb3 64. g7 Kc4 65. Kf8 Qf3+ 66. Ke7 Qg4 67. Kf7 Qf5+ 68. Ke7 Qg6 69. Kf8 Qf6+ 0-1

[Event "4NCL Div 2 2024-25"]
[Site "England"]
[Date "2025.04.05"]
[Round "7.27"]
[White "Jones, Steven A"]
[Black "Zhang, Junyi"]
[Result "1/2-1/2"]
[Annotator "ChessBase"]
[ECO "B45"]
[WhiteElo "2175"]
[BlackElo "2123"]
[PlyCount "112"]
[EventDate "2024.11.23"]
[EventType "team-tourn"]
[EventCountry "ENG"]
[SourceTitle "playchess.com"]
[Source "ChessBase"]
[SourceQuality "1"]
[TimeControl "40/6000+30:3000+30"]

1. e4 c5 2. Nf3 e6 3. d4 cxd4 4. Nxd4 Nf6 5. Nc3 Nc6 6. Be2 Bb4 7. O-O O-O 8. Nxc6 bxc6 9. e5 Nd5 10. Ne4 f5 11. Nd6 Bxd6 12. exd6 a5 13. c4 Nf6 14. Be3 Ba6 15. Qd4 Qe8 16. f4 Qb8 17. Bf3 a4 18. Rab1 Qb4 19. b3 axb3 20. axb3 Rfb8 21. h3 Qa3 22. Bc1 Qb4 23. Bd2 Qb6 24. c5 Qd8 25. Rfe1 Qf8 26. Bc3 Bb5 27. g4 fxg4 28. hxg4 Re8 29. Re5 Ra2 30. Rbe1 Qf7 31. f5 h6 32. Bg2 Raa8 33. fxe6 Rxe6 34. Rxe6 dxe6 35. Re3 Ra2 36. Rf3 Rc2 37. Rxf6 Qxf6 38. Qxf6 gxf6 39. Bxf6 Rd2 40. g5 hxg5 41. Bxg5 Rd3 42. Be4 Rd1+ 43. Kf2 Kg7 44. Bf3 Rd3 45. Be2 Rd5 46. Bxb5 cxb5 47. b4 Kf7 48. Bf4 e5 49. Bg5 Ke6 50. Bd8 Rd4 51. Ba5 Kd7 52. Ke3 Kc6 53. Kf3 Rd1 54. Ke2 Rd4 55. Ke3 Rh4 56. Kf3 Rf4+ 1/2-1/2

[Event "4NCL Div 2 2024-25"]
[Site "England"]
[Date "2025.04.05"]
[Round "7.28"]
[White "Waller, Dan"]
[Black "Saunders, Aron"]
[Result "0-1"]
[Annotator "NA"]
[ECO "B12"]
[WhiteElo "2099"]
[BlackElo "2106"]
[PlyCount "86"]
[EventDate "2024.11.23"]
[EventType "team-tourn"]
[EventCountry "ENG"]
[SourceTitle "playchess.com"]
[Source "ChessBase"]
[SourceQuality "1"]
[TimeControl "40/6000+30:3000+30"]

1. e4 c6 2. d4 d5 3. e5 Bf5 4. h4 h5 5. Bd3 Bxd3 6. Qxd3 Qa5+ 7. Nd2 e6 8. Ngf3 Nh6 9. O-O Nf5 10. Nb3 Qb5 11. Qd1 c5 12. dxc5 Bxc5 13. a4 Qb6 14. a5 Qb5 15. Nxc5 Qxc5 16. Ra4 Nc6 17. c3 O-O 18. Re1 b5 19. Rf4 Rad8 20. Ng5 g6 21. g4 hxg4 22. Qxg4 Nce7 23. h5 Kg7 24. Kg2 Rh8 25. Rh1 d4 26. h6+ Rxh6 27. Rxh6 Qd5+ 28. Nf3 Nxh6 29. Qg5 Nhf5 30. Qf6+ Kg8 31. cxd4 Qa8 32. Qg5 Rxd4 33. Kh2 Rd3 34. Qg4 Qd5 35. Re4 Qc5 36. Be3 Nxe3 37. fxe3 Rxe3 38. Rd4 Qc2+ 39. Kg3 Nf5+ 40. Kf4 Nxd4 41. Kxe3 Nf5+ 42. Kf4 Qc1+ 43. Ke4 Qe3# 0-1

[Event "4NCL Div 2 2024-25"]
[Site "England"]
[Date "2025.04.05"]
[Round "7.29"]
[White "Bullen, Alex"]
[Black "Lishoy Gengis Paratazham, Dildarav"]
[Result "1/2-1/2"]
[Annotator "ChessBase"]
[ECO "D00"]
[WhiteElo "2160"]
[BlackElo "2045"]
[PlyCount "71"]
[EventDate "2024.11.23"]
[EventType "team-tourn"]
[EventCountry "ENG"]
[SourceTitle "playchess.com"]
[Source "ChessBase"]
[SourceQuality "1"]
[TimeControl "40/6000+30:3000+30"]

1. d4 Nf6 2. Nc3 d5 3. Bf4 e6 4. Nb5 Na6 5. e3 c6 6. Nc3 Bd6 7. Bxd6 Qxd6 8. Nf3 Nc7 9. Bd3 c5 10. O-O O-O 11. e4 dxe4 12. Nxe4 Nxe4 13. Bxe4 f5 14. Bd3 cxd4 15. Re1 Rd8 16. Bc4 b5 17. Bb3 Bb7 18. Ng5 Qc6 19. f3 Bc8 20. Qd3 h6 21. Nh3 a5 22. a4 bxa4 23. Rxa4 Ba6 24. Qd2 d3 25. Nf4 dxc2 26. Qxc2 Qxc2 27. Bxc2 Rd2 28. Bb3 Rxb2 29. Nxe6 Rxb3 30. Nxc7 Ra7 31. Rxa5 Rxc7 32. Rxa6 Rb2 33. Kh1 Rcc2 34. Rg1 Kf7 35. Rd6 h5 36. Ra6 1/2-1/2

[Event "4NCL Div 2 2024-25"]
[Site "England"]
[Date "2025.04.05"]
[Round "7.30"]
[White "Handley, Michael R"]
[Black "Pilley, Jack"]
[Result "0-1"]
[Annotator "NA"]
[ECO "E11"]
[WhiteElo "1993"]
[BlackElo "1937"]
[PlyCount "80"]
[EventDate "2024.11.23"]
[EventType "team-tourn"]
[EventCountry "ENG"]
[SourceTitle "playchess.com"]
[Source "ChessBase"]
[SourceQuality "1"]
[TimeControl "40/6000+30:3000+30"]

1. d4 Nf6 2. c4 e6 3. Nf3 d5 4. g3 Bb4+ 5. Bd2 a5 6. Bg2 O-O 7. O-O dxc4 8. Bg5 b5 9. Ne5 Ra6 10. a4 c6 11. Nc3 Qb6 12. Bxf6 gxf6 13. Ng4 Be7 14. e4 Rd8 15. Qf3 Nd7 16. Rad1 Bf8 17. Nxf6+ Nxf6 18. Qxf6 Bg7 19. Qh4 b4 20. Ne2 Ra8 21. e5 Ba6 22. Rfe1 Rd7 23. Qe4 Bb7 24. Qc2 Ba6 25. Qe4 Bb7 26. Qc2 Rad8 27. Be4 h6 28. Kg2 c5 29. dxc5 Bxe4+ 30. Qxe4 Qxc5 31. Rxd7 Rxd7 32. Rc1 Qxe5 33. Qxc4 Rd2 34. Nf4 Qd4 35. Qf1 Rxb2 36. Rc8+ Kh7 37. Rc7 Qe4+ 38. Kg1 Rb1 39. Rc1 Rxc1 40. Qxc1 b3 0-1

[Event "4NCL Div 2 2024-25"]
[Site "England"]
[Date "2025.04.05"]
[Round "7.31"]
[White "Turner, Lewis A"]
[Black "Foo, Zhi Rong Benjamin"]
[Result "0-1"]
[Annotator "ChessBase"]
[ECO "C45"]
[WhiteElo "1984"]
[BlackElo "2177"]
[PlyCount "86"]
[EventDate "2024.11.23"]
[EventType "team-tourn"]
[EventCountry "ENG"]
[SourceTitle "playchess.com"]
[Source "ChessBase"]
[SourceQuality "1"]
[TimeControl "40/6000+30:3000+30"]

1. e4 e5 2. Nf3 Nc6 3. d4 exd4 4. Nxd4 Nf6 5. Nxc6 bxc6 6. e5 Qe7 7. Qe2 Nd5 8. c4 Ba6 9. b3 Qh4 10. a3 Nf4 11. Qe3 Ne6 12. g3 Qd4 13. Ra2 Rb8 14. b4 c5 15. b5 Bb7 16. Rg1 g5 17. Qe2 Bg7 18. Bb2 Qe4 19. Qxe4 Bxe4 20. Nd2 Ba8 21. Bg2 O-O 22. Bxa8 Rxa8 23. Ne4 Rfe8 24. Kf1 g4 25. Kg2 Nd4 26. Bxd4 cxd4 27. Nf6+ Bxf6 28. exf6 c5 29. a4 Re6 30. a5 Rxf6 31. Re1 Re6 32. Rxe6 dxe6 33. Rb2 Kf8 34. Re2 Ke7 35. Re5 Kd6 36. Rh5 f5 37. Rxh7 Ke5 38. Kf1 Ke4 39. Rc7 Kd3 40. Rxc5 Kc2 41. b6 axb6 42. axb6 d3 43. Rc7 d2 0-1

[Event "4NCL Div 2 2024-25"]
[Site "England"]
[Date "2025.04.05"]
[Round "7.32"]
[White "Alizada, Eldar"]
[Black "Barwick, Carmel"]
[Result "1/2-1/2"]
[Annotator "NA"]
[ECO "E15"]
[WhiteElo "1998"]
[BlackElo "1895"]
[PlyCount "83"]
[EventDate "2024.11.23"]
[EventType "team-tourn"]
[EventCountry "ENG"]
[SourceTitle "playchess.com"]
[Source "ChessBase"]
[SourceQuality "1"]
[TimeControl "40/6000+30:3000+30"]

1. d4 Nf6 2. c4 e6 3. Nf3 b6 4. g3 Ba6 5. Qc2 Bb4+ 6. Bd2 Be7 7. Bg2 c6 8. O-O d5 9. Ne5 Nfd7 10. cxd5 cxd5 11. Bf4 Nxe5 12. Bxe5 O-O 13. Nc3 Nd7 14. Bf4 Nf6 15. Qa4 Bc8 16. Rfc1 Bd7 17. Qa6 Nh5 18. Bd2 Bc8 19. Qd3 f5 20. Bf3 Nf6 21. Bf4 Bd7 22. Nb5 Bxb5 23. Qxb5 Ne4 24. Bxe4 fxe4 25. Qc6 Qc8 26. Qa4 Qe8 27. Qa6 Bf6 28. Bd6 Be7 29. Bf4 Bf6 30. e3 e5 31. dxe5 Bxe5 32. Bxe5 Qxe5 33. Qb5 Qf5 34. Rc2 Rac8 35. Rac1 Rxc2 36. Rxc2 h6 37. Rd2 Rd8 38. Qa4 Rd7 39. Qc2 Kf7 40. Rd4 Qe6 41. Qd1 Qf5 42. Kg2 1/2-1/2

[Event "4NCL Div 2 2024-25"]
[Site "England"]
[Date "2025.04.05"]
[Round "7.33"]
[White "Siva Mahadevan"]
[Black "Gallagher, Daniel GH"]
[Result "1-0"]
[Annotator "ChessBase"]
[ECO "C07"]
[WhiteElo "2369"]
[BlackElo "2203"]
[PlyCount "51"]
[EventDate "2024.11.23"]
[EventType "team-tourn"]
[EventCountry "ENG"]
[SourceTitle "playchess.com"]
[Source "ChessBase"]
[SourceQuality "1"]
[TimeControl "40/6000+30:3000+30"]

1. e4 e6 2. d4 d5 3. Nd2 c5 4. Ngf3 cxd4 5. exd5 Qxd5 6. Bc4 Qd6 7. O-O Nf6 8. Nb3 Nc6 9. Nbxd4 Nxd4 10. Nxd4 a6 11. Re1 Qc7 12. Bd3 Bd6 13. Nf5 Bxh2+ 14. Kh1 O-O 15. Nxg7 Kxg7 16. g3 Bxg3 17. Qf3 Be5 18. Bg5 h6 19. Rg1 hxg5 20. Rxg5+ Kh6 21. Rag1 Qc6 22. Rg6+ fxg6 23. Rxg6+ Kh7 24. Rg2+ Kh6 25. Qe3+ Kh5 26. Qg5# 1-0

[Event "4NCL Div 2 2024-25"]
[Site "England"]
[Date "2025.04.05"]
[Round "7.34"]
[White "Hill, Alistair"]
[Black "Bowcott-Terry, Finlay"]
[Result "1-0"]
[Annotator "ChessBase"]
[ECO "E10"]
[WhiteElo "2076"]
[BlackElo "2168"]
[PlyCount "89"]
[EventDate "2024.11.23"]
[EventType "team-tourn"]
[EventCountry "ENG"]
[SourceTitle "playchess.com"]
[Source "ChessBase"]
[SourceQuality "1"]
[TimeControl "40/6000+30:3000+30"]

1. d4 Nf6 2. Nf3 e6 3. c4 c5 4. d5 b5 5. dxe6 fxe6 6. cxb5 d5 7. Nc3 a6 8. e4 Be7 9. Bd3 c4 10. Bc2 axb5 11. e5 Nfd7 12. Nxb5 Qa5+ 13. Nc3 Nc6 14. O-O Ndxe5 15. Nxe5 Nxe5 16. Re1 Nd3 17. Bxd3 cxd3 18. Qxd3 O-O 19. Be3 Bd7 20. Bd4 Rf5 21. Qxf5 exf5 22. Rxe7 Qb4 23. Rxg7+ Kf8 24. Rd1 Re8 25. h3 Re7 26. a3 Qd6 27. b4 Qh6 28. Rxe7 Kxe7 29. Nxd5+ Kf7 30. Be3 Qa6 31. Nc3 Be8 32. b5 Qxa3 33. Rc1 Qa5 34. b6 Bc6 35. Ne2 Be4 36. Nf4 h6 37. Rc7+ Ke8 38. Rh7 Qa1+ 39. Kh2 Qb2 40. Rxh6 Kd7 41. b7 Qe5 42. Rh7+ Kc6 43. g3 Qa1 44. g4 Qb1 45. Ba7 1-0

[Event "4NCL Div 2 2024-25"]
[Site "England"]
[Date "2025.04.05"]
[Round "7.35"]
[White "York-Weaving, Richard"]
[Black "Goh, Jinghan Cameron"]
[Result "0-1"]
[Annotator "ChessBase"]
[ECO "B42"]
[WhiteElo "2331"]
[BlackElo "2017"]
[PlyCount "126"]
[EventDate "2024.11.23"]
[EventType "team-tourn"]
[EventCountry "ENG"]
[SourceTitle "playchess.com"]
[Source "ChessBase"]
[SourceQuality "1"]
[TimeControl "40/6000+30:3000+30"]

1. e4 c5 2. Nf3 e6 3. d4 cxd4 4. Nxd4 a6 5. Bd3 Bc5 6. Nb3 Ba7 7. Qg4 Nf6 8. Qg3 d6 9. Nc3 Nc6 10. Bg5 h6 11. Bd2 Ne5 12. Be2 b5 13. a3 Bb7 14. O-O-O Nxe4 15. Nxe4 Bxe4 16. Rhe1 Bf5 17. Bc3 Qc7 18. Nd4 Bxd4 19. Rxd4 f6 20. f4 Nc6 21. Bh5+ Kf8 22. Rd2 d5 23. Qf2 Rd8 24. Bf3 d4 25. Bxc6 Qxc6 26. Bxd4 Kf7 27. h3 h5 28. Red1 Rd7 29. Bb6 Rxd2 30. Rxd2 Rc8 31. Ba5 Kg8 32. Bc3 Qe4 33. Rd4 Qc6 34. Qd2 a5 35. Rd6 Qc5 36. Rd4 b4 37. axb4 axb4 38. Rxb4 Qg1+ 39. Qd1 Qxg2 40. h4 Ra8 41. b3 Bg4 42. Qe1 Bf5 43. Qd1 Qh2 44. Rd4 Qxh4 45. b4 Qg3 46. Kb2 h4 47. b5 h3 48. b6 Qg2 49. Rd2 Qc6 50. Qg1 Rb8 51. Bd4 Kf7 52. Qd1 Qb5+ 53. Kc1 Qa4 54. Kb2 Qb4+ 55. Kc1 Rd8 56. Qh5+ Bg6 57. Qc5 Qxc5 58. Bxc5 Rxd2 59. Kxd2 h2 60. b7 h1=Q 61. b8=Q Qd5+ 62. Kc1 Qxc5 63. Qb7+ Kg8 0-1

[Event "4NCL Div 2 2024-25"]
[Site "England"]
[Date "2025.04.05"]
[Round "7.36"]
[White "Mihalik, Agoston"]
[Black "Valdepenas Octavio, Javier"]
[Result "0-1"]
[Annotator "ChessBase"]
[ECO "C45"]
[WhiteElo "2133"]
[BlackElo "2145"]
[PlyCount "122"]
[EventDate "2024.11.23"]
[EventType "team-tourn"]
[EventCountry "ENG"]
[SourceTitle "playchess.com"]
[Source "ChessBase"]
[SourceQuality "1"]
[TimeControl "40/6000+30:3000+30"]

1. e4 e5 2. Nf3 Nc6 3. d4 exd4 4. Nxd4 Bc5 5. Nb3 Bb6 6. Nc3 Nf6 7. Bg5 h6 8. Bh4 d6 9. Bb5 O-O 10. f3 Be6 11. Bxc6 bxc6 12. Qe2 Qe7 13. O-O-O Bxb3 14. cxb3 Rfe8 15. Qc4 Qe5 16. Kb1 g5 17. Be1 Qc5 18. h4 Qxc4 19. bxc4 g4 20. Bd2 Kh7 21. Na4 Bf2 22. Rhf1 g3 23. Nc3 Rg8 24. Ne2 Rae8 25. Bc3 Nh5 26. Rd2 Re7 27. Kc2 c5 28. Rd5 Ng7 29. Bxg7 Kxg7 30. Rfd1 Rge8 31. R1d3 Re5 32. Nf4 f5 33. exf5 Kf6 34. Ne6 Re7 35. Nd8 Rxf5 36. Rxf5+ Kxf5 37. Nc6 Re1 38. Rd1 Re2+ 39. Rd2 Re1 40. Rd1 Re2+ 41. Rd2 Re8 42. Nxa7 Be1 43. Rd5+ Kf4 44. Nb5 Re2+ 45. Kd1 Rxg2 46. Kxe1 Rxb2 47. Kf1 c6 48. Rxd6 cxb5 49. cxb5 c4 50. Rxh6 c3 51. Rf6+ Ke3 52. Rc6 c2 53. a4 Kxf3 54. Rc3+ Kg4 55. h5 Rb1+ 56. Ke2 c1=Q 57. Rxc1 Rxc1 58. h6 g2 59. h7 Rh1 60. h8=Q Rxh8 61. Kf2 Kh3 0-1

[Event "4NCL Div 2 2024-25"]
[Site "England"]
[Date "2025.04.05"]
[Round "7.37"]
[White "Fellowes, Billy"]
[Black "Lee, Richard W Y"]
[Result "1-0"]
[Annotator "NA"]
[ECO "C00"]
[WhiteElo "2055"]
[BlackElo "2102"]
[PlyCount "89"]
[EventDate "2024.11.23"]
[EventType "team-tourn"]
[EventCountry "ENG"]
[SourceTitle "playchess.com"]
[Source "ChessBase"]
[SourceQuality "1"]
[TimeControl "40/6000+30:3000+30"]

1. g3 Nf6 2. Nf3 d5 3. Bg2 e6 4. d3 Be7 5. O-O O-O 6. Nbd2 c5 7. e4 Nc6 8. Re1 b6 9. e5 Nd7 10. Nf1 a5 11. a4 Ba6 12. h4 Qb8 13. Bf4 Rd8 14. Ne3 Nf8 15. h5 b5 16. axb5 Qxb5 17. b3 Bb7 18. Ra4 Nb4 19. Qe2 Bc6 20. Rea1 Nd7 21. R4a3 Ra7 22. g4 Rda8 23. g5 Ra6 24. g6 hxg6 25. hxg6 fxg6 26. Bh3 Nf8 27. Bg5 Bxg5 28. Nxg5 a4 29. bxa4 Rxa4 30. Rxa4 Rxa4 31. Rxa4 Qxa4 32. Qf3 Be8 33. Nxe6 Nd7 34. Nxd5 Nxd5 35. Qxd5 Qa1+ 36. Kg2 Qxe5 37. Qxe5 Nxe5 38. Nxc5 Kf7 39. d4 Bc6+ 40. Kg3 Nf3 41. Be6+ Ke7 42. d5 Nd4 43. dxc6 Nxe6 44. Nxe6 Kxe6 45. Kf4 1-0

[Event "4NCL Div 2 2024-25"]
[Site "England"]
[Date "2025.04.05"]
[Round "7.38"]
[White "Starley, Robert"]
[Black "Pitcher, John"]
[Result "0-1"]
[Annotator "NA"]
[ECO "B43"]
[WhiteElo "2036"]
[BlackElo "2147"]
[PlyCount "98"]
[EventDate "2024.11.23"]
[EventType "team-tourn"]
[EventCountry "ENG"]
[SourceTitle "playchess.com"]
[Source "ChessBase"]
[SourceQuality "1"]
[TimeControl "40/6000+30:3000+30"]

1. e4 c5 2. Nf3 e6 3. d4 cxd4 4. Nxd4 a6 5. Nc3 b5 6. Be3 Bb7 7. f3 Nc6 8. Qd2 Nf6 9. O-O-O h5 10. Be2 Rc8 11. Bg5 Qc7 12. Rhe1 Nxd4 13. Qxd4 b4 14. Bxf6 gxf6 15. Qxf6 Rg8 16. Rd3 Bg7 17. Qg5 bxc3 18. Rxc3 Bxc3 19. Qxg8+ Ke7 20. Qg5+ Bf6 21. Qd2 Qe5 22. Qb4+ Qc5 23. Qb3 Rc6 24. c3 Qe3+ 25. Kc2 Bg5 26. Qb4+ Ke8 27. c4 Rb6 28. Qc3 Qxc3+ 29. bxc3 Bc6 30. c5 Ba4+ 31. Kd3 Rb2 32. c4 Rxa2 33. Bf1 Ra3+ 34. Kd4 Ke7 35. e5 Bc6 36. Bd3 Bd2 37. Rf1 Bc3+ 38. Ke3 Bxe5 39. f4 Bg7 40. g3 f5 41. Ke2 Ra2+ 42. Ke3 Rxh2 43. Be2 a5 44. Rb1 a4 45. Rb6 Bd4+ 46. Kxd4 Rxe2 47. Ra6 Rg2 48. Ra7 Rxg3 49. Ra6 h4 0-1

[Event "4NCL Div 2 2024-25"]
[Site "England"]
[Date "2025.04.05"]
[Round "7.39"]
[White "Fallowfield, Jeremy R"]
[Black "Volovich, Julia"]
[Result "1/2-1/2"]
[Annotator "ChessBase"]
[ECO "C02"]
[WhiteElo "2072"]
[BlackElo "1947"]
[PlyCount "115"]
[EventDate "2024.11.23"]
[EventType "team-tourn"]
[EventCountry "ENG"]
[SourceTitle "playchess.com"]
[Source "ChessBase"]
[SourceQuality "1"]
[TimeControl "40/6000+30:3000+30"]

1. e4 e6 2. d4 d5 3. e5 c5 4. c3 Nc6 5. Nf3 Bd7 6. Be2 Qb6 7. O-O Rc8 8. dxc5 Bxc5 9. b4 Be7 10. Na3 a6 11. b5 Na5 12. Rb1 Nc4 13. bxa6 Qxa6 14. Nxc4 dxc4 15. Be3 Bd8 16. Nd4 Ne7 17. Bf3 b6 18. Qe2 Qa5 19. Bd2 Ng6 20. Be4 Nxe5 21. f4 Nc6 22. Qxc4 Nxd4 23. Qxd4 Bf6 24. Qxb6 Qxa2 25. Rb2 Qc4 26. Bb7 Qc5+ 27. Qxc5 Rxc5 28. Rc2 O-O 29. Rfc1 g6 30. Bf3 Rfc8 31. c4 Ba4 32. Be3 Bxc2 33. Bxc5 Bd3 34. Bd6 Rxc4 35. Rxc4 Bxc4 36. Be5 Be7 37. Bd4 f6 38. Kf2 Kf7 39. Ke3 Bd6 40. g3 Bb5 41. Be4 Bc4 42. Bf3 Ba3 43. Bc3 Bc1+ 44. Kd4 Ba6 45. Bd1 Bb7 46. Bb3 Ba3 47. Ba5 Bd6 48. Bd8 Be7 49. Bxe7 Kxe7 50. g4 h6 51. h4 g5 52. hxg5 hxg5 53. fxg5 e5+ 54. Ke3 fxg5 55. Bd1 Kd6 56. Be2 Bd5 57. Bf1 Kc5 58. Bd3 1/2-1/2

[Event "4NCL Div 2 2024-25"]
[Site "England"]
[Date "2025.04.05"]
[Round "7.40"]
[White "Chan, Nevil"]
[Black "Brooks, Phil J"]
[Result "0-1"]
[Annotator "ChessBase"]
[ECO "D01"]
[WhiteElo "2011"]
[BlackElo "2124"]
[PlyCount "102"]
[EventDate "2024.11.23"]
[EventType "team-tourn"]
[EventCountry "ENG"]
[SourceTitle "playchess.com"]
[Source "ChessBase"]
[SourceQuality "1"]
[TimeControl "40/6000+30:3000+30"]

1. d4 e6 2. Nc3 d5 3. Nf3 Nf6 4. Bg5 Nbd7 5. e3 Be7 6. Bd3 a6 7. a4 c5 8. O-O h6 9. Bh4 O-O 10. Ne5 cxd4 11. exd4 Qb6 12. Ra2 Re8 13. Nf3 Nb8 14. Nb1 Nc6 15. c3 a5 16. Nbd2 Qc7 17. Re1 b6 18. Qe2 Qa7 19. Raa1 Ba6 20. Bxa6 Qxa6 21. Qxa6 Rxa6 22. Bg3 Ra7 23. Ne5 Nxe5 24. Bxe5 Rc8 25. Bxf6 Bxf6 26. g3 g5 27. Re2 Kh7 28. Kg2 Kg6 29. h3 Rac7 30. Nf3 Rh8 31. Nd2 Rc6 32. Nf3 h5 33. Ne5+ Bxe5 34. Rxe5 f6 35. Re2 Kf7 36. Ra3 Re8 37. f4 gxf4 38. gxf4 Rg8+ 39. Kf3 Rg1 40. Rg2 Rd1 41. Ke3 Rh1 42. Rg3 h4 43. Rf3 Kg6 44. f5+ exf5 45. Rb3 f4+ 46. Rxf4 Rxh3+ 47. Rf3 Re6+ 48. Kf2 Rh2+ 49. Kg1 Rc2 50. Rb5 Re1+ 51. Rf1 Ree2 0-1